 Dungeon Crawl Stone Soup version 0.28-a0-1429-gf3d713df7a (webtiles) character file.

Game seed: 7456656324111690209

33 southernslant the Poker (level 3, -4/22 HPs)
             Began as a Gargoyle Gladiator on Jan 9, 2022.
             Slain by Sigmund (7 damage)
             ... on level 4 of the Dungeon.
             The game lasted 00:02:47 (1837 turns).

southernslant the Poker (Gargoyle Gladiator)        Turns: 1837, Time: 00:02:48

Health: -4/22      AC:  7    Str: 19    XL:     3   Next: 29%
Magic:  3/3        EV: 12    Int:  8    God:
Gold:   87         SH:  0    Dex: 11    Spells: 2/2 levels left

rFire   . . .      SeeInvis .   a - +0 trident
rCold   . . .      Faith    .   (no shield)
rNeg    + . .      Spirit   .   b - +0 leather armour
rPois   ∞          Reflect  .   c - +0 helmet
rElec   +          Harm     .   (no cloak)
rCorr   .          Rampage  .   (no gloves)
Will    .....                   (no boots)
Stlth   +.........              (no amulet)
HPRegen 0.07/turn               (no ring)
MPRegen 0.08/turn               (no ring)

@: confused
A: sickness immunity, AC +3, negative energy resistance 1, electricity
resistance, torment resistance 1, petrification resistance
a: no special abilities


You were on level 4 of the Dungeon.
You visited 1 branch of the dungeon, and saw 3 of its levels.

You collected 87 gold pieces.

Inventory:

Hand Weapons
 a - a +0 trident (weapon)
 n - a +0 hunting sling
Missiles
 d - 3 throwing nets (quivered)
 i - 77 stones
Armour
 b - a +0 leather armour (worn)
 c - a +0 helmet (worn)
Scrolls
 f - a scroll of vulnerability {unknown}
 h - a scroll of torment {unknown}
 k - a scroll of teleportation {unknown}
 o - a scroll of identify {unknown}
Potions
 e - 2 potions of flight {unknown}
 g - a potion of brilliance {unknown}
 j - 3 potions of curing {unknown}
 l - a potion of haste {unknown}
 m - a potion of cancellation {unknown}


   Skills:
 * Level 2.8 Fighting
 + Level 2.8 Polearms
 + Level 2.0 Throwing
 * Level 1.3 Armour
 * Level 2.7 Dodging


You had 2 spell levels left.
You didn't know any spells.
Your spell library was empty.

Dungeon Overview and Level Annotations

Branches:
Dungeon (2/15)

Altars:

Annotations:
D:4 Sigmund


Innate Abilities, Weirdness & Mutations

You are immune to sickness and miasma.
Your stone body is resilient. (AC +3)
You are immune to poison.
You resist negative energy. (rN+)
You are resistant to electric shocks. (rElec)
You are resistant to unholy torment.
You are immune to petrification.


Message History

The goblin hits you but does no damage.
You barely miss the goblin.
The goblin is severely wounded.
The goblin hits you but does no damage. The goblin hits you with a +0 dagger.
You hit the goblin.
You kill the goblin!
Things that are here:
a +0 dagger; a goblin corpse Done exploring.
Done exploring.
Done exploring.
There is a shaft here.
You fall into a shaft and drop 2 floors!
The shaft crumbles and collapses.
Sigmund the Dreaded comes into view.
He is wielding a +2 scythe of venom.
Sigmund shouts!
Sigmund gestures at you while chanting.
You are confused.
You bump into the rock wall.
You're too confused to move!
A hobgoblin comes into view.
You feel less confused.
Sigmund points at you and mumbles some strange words.
You are confused.
Sigmund casts a spell at you.
You are more confused.
You hit Sigmund but do no damage. Sigmund closely misses you.
The hobgoblin closely misses you. Sigmund misses you. The hobgoblin hits you.
Sigmund hits you from afar with a +2 scythe of venom!
Ouch! That really hurt!
* * * LOW HITPOINT WARNING * * *
The hobgoblin hits you.
* * * LOW HITPOINT WARNING * * *
Sigmund closely misses you. The hobgoblin barely misses you.
You bump into the rock wall.
The hobgoblin hits you.
* * * LOW HITPOINT WARNING * * *
Sigmund hits you from afar with a +2 scythe of venom!
You die...

## #.####
#.@.##
#..g.##
#..@..#
#.#....#
..###...#
#...
.###.#
#.. .# ##
#.#. ..
.# ..


You could see Sigmund and a hobgoblin.

Vanquished Creatures
  2 dart slugs
  4 bats (D:1)
  5 endoplasms (D:1)
  A giant cockroach (D:1)
  3 goblins
  3 hobgoblins (D:1)
  2 quokkas
  2 ball pythons
  2 frilled lizards
  A kobold (D:1)
  A rat (D:1)
26 creatures vanquished.

Notes
Turn   | Place    | Note
-------+----------+-------------------------------------------
     0 | D:1      | southernslant the Gargoyle Gladiator began the quest for
                  | the Orb.
     0 | D:1      | Reached XP level 1. HP: 12/12 MP: 1/1
    66 | D:1      | Reached XP level 2. HP: 5/18 MP: 2/2
   528 | D:1      | Found a faded altar of an unknown god.
   870 | D:1      | Reached skill level 1 in Armour
   938 | D:1      | Reached XP level 3. HP: 19/22 MP: 3/3
  1823 | D:2      | You fall into a shaft and drop 2 floors!
  1824 | D:4      | Noticed Sigmund
  1837 | D:4      | Slain by Sigmund

Illustrated notes

Levels and vault maps discovered:
D:1:      giann_wishing_wells, layout_basic,
          shapermc_ecumenical_altar_acropolis, minmay_pentomino_o2
D:2:      layout_loops_ring
D:4:      nicolae_BIG_FREAKIN_CUBE, layout_basic, biasface_ghost_orc_armoury,
          kennysheep_generic_room_3, uniq_sigmund, uniq_edmund,
          uniq_blork_the_orc

Skill      XL: |  1  2  3 |
---------------+----------+-----
Armour         | 1 |  1.3
Throwing       | 2 |  2.0
Fighting       | |  2.8
Polearms       | |  2.8
Dodging        | |  2.7

Action                   || total
-------------------------++-------
Melee: Trident           ||    71
 Stab: Sleeping          ||     3
Armor: Leather armour    ||    22
Dodge: Dodged            ||    28

Table legend: (Time is in decaauts)
 A = Elapsed time spent in this place.
 B = Non-inter-level travel time spent in this place.
 C = Inter-level travel time spent in this place.
 D = Time resting spent in this place.
 E = Time spent auto-exploring this place.
 F = Levels seen in this place.
 G = Mean time per level.
                   A        B        C        D        E       F      G
               +--------+--------+--------+--------+--------+-----+--------+
         Total |   1850 |   1805 |     45 |      0 |   1586 |   3 |  616.7 |
       Dungeon |   1850 |   1805 |     45 |      0 |   1586 |   3 |  616.7 |
               +--------+--------+--------+--------+--------+-----+--------+

Top non-repeatable levels by time:
     D:1: 1156 daAuts
     D:2: 680 daAuts
     D:4: 13 daAuts
